cohdb
Replays
Latest Replays
All Replays
Popular Replays
Top Player Replays
Match Explorer
How It Works
Community
CoH3 Stats
Reddit
Sign in to upload your games and track your stats! →
Sign in with Steam
Match 42390426
Unlisted
Match 42390426
Overview
Messages
Build Orders
End
Construct Infanterie Kompanie
Pioneer Squad
Selects Breakthrough Battlegroup
Selects Assault Grenadiers
Grenadier Squad
MG 42 Machine Gun Team
Grenadier Squad
Grenadier Squad
Selects Rapid Production
Selects Breakthrough
Construct Luftwaffe Kompanie
MG 42 Machine Gun Team
mr.Brookerr
Mr_Fox
Exf
Gravey
0
0
Comments
sign in to comment!
No comments posted yet!